 Dungeon Crawl Stone Soup version 0.27-a0-1101-ge311f74bc8 (webtiles) character file.

Game seed: 270949533824005340

188 siradein the Chopper (level 5, -5/45 HPs)
             Began as a Hill Orc Fighter on Apr 28, 2021.
             Slain by a black bear (7 damage)
             ... on level 4 of the Dungeon.
             The game lasted 00:08:15 (2790 turns).

siradein the Chopper (Hill Orc Fighter)             Turns: 2790, Time: 00:08:15

Health: -5/45      AC: 10    Str: 20    XL:     5   Next: 67%
Magic:  5/5        EV:  5    Int:  8    God:
Gold:   170        SH:  9    Dex: 10    Spells: 4/4 levels left

rFire    . . .     SeeInvis .   a - +0 war axe
rCold    . . .     Faith    .   c - +0 kite shield
rNeg     . . .     Spirit   .   k - +0 chain mail
rPois    .         Reflect  .   (no helmet)
rElec    .         Harm     .   (no cloak)
rCorr    .         Rampage  +   (no gloves)
Will     .....                  p - +0 pair of boots {rampage}
Stlth    ..........             m - amulet of the acrobat
HPRegen  0.15/turn              (no ring)
MPRegen  0.09/turn              (no ring)

@: no status effects
A: no striking features
a: no special abilities


You were on level 4 of the Dungeon.
You visited 1 branch of the dungeon, and saw 4 of its levels.

You collected 170 gold pieces.

Inventory:

Hand Weapons
 a - a +0 war axe (weapon)
Armour
 c - a +0 kite shield (worn)
 k - a +0 chain mail (worn)
 p - a +0 pair of boots of rampaging (worn)
Jewellery
 h - an amulet of magic regeneration
 m - an amulet of the acrobat (around neck)
Wands
 q - a wand of iceblast (10)
Scrolls
 b - a scroll of magic mapping {unknown}
 e - 2 scrolls of identify {unknown}
 g - 2 scrolls of enchant armour {unknown}
 i - a scroll of holy word {unknown}
Potions
 d - a potion of might
 f - a potion of attraction {unknown}
 j - 2 potions of flight {unknown}
 l - a potion of invisibility {unknown}
 n - a potion of berserk rage {unknown}
 o - a potion of heal wounds {unknown}


   Skills:
 - Level 3.6 Fighting
 + Level 7.6 Axes
 - Level 3.2 Armour
 - Level 3.2 Shields


You had 4 spell levels left.
You didn't know any spells.
Your spell library contained the following spells:

 Spells                   Type           Power      Damage    Failure   Level
 Beastly Appendage        Tmut           0%         N/A       100%        1
 Summon Small Mammal      Summ           0%         N/A       100%        1
 Call Imp                 Summ           0%         N/A       100%        2
 Wereblood                Tmut           0%         N/A       100%        2
 Call Canine Familiar     Summ           0%         N/A       100%        3
 Spider Form              Tmut/Pois      0%         N/A       100%        3
 Summon Guardian Golem    Hex/Summ       0%         N/A       100%        3
 Ice Form                 Ice/Tmut       0%         N/A       100%        4
 Summon Ice Beast         Ice/Summ       0%         N/A       100%        4
 Summon Lightning Spire   Summ/Air       0%         N/A       100%        4
 Hydra Form               Tmut           0%         N/A       100%        5


Dungeon Overview and Level Annotations

Branches:
Dungeon (4/15)
 Temple: D:4-7

Altars:


Message History

You hit the black bear but do no damage.
The black bear is moderately wounded.
The black bear bites you. You block the black bear's attack.
The black bear claws you but does no damage.
You slash the black bear!
The black bear is severely wounded.
The black bear goes berserk!
The black bear bites you!
The black bear claws you but does no damage. x2
Your chain mail prevents you from hitting the black bear.
The black bear is severely wounded.
The black bear bites you!
The black bear claws you but does no damage. x2
The black bear bites you but does no damage.
The black bear claws you. x2
You are too injured to fight recklessly!
You are too injured to fight recklessly!
You block the black bear's attack. The black bear claws you.
The black bear completely misses you.
You hit the black bear but do no damage.
The black bear is severely wounded.
The black bear barely misses you.
The black bear claws you but does no damage.
The black bear claws you. The black bear bites you!
* * * LOW HITPOINT WARNING * * *
The black bear claws you but does no damage.
The black bear claws you.
* * * LOW HITPOINT WARNING * * *
You hit the black bear but do no damage.
The black bear is severely wounded.
You block the black bear's attack.
The black bear claws you but does no damage.
The black bear barely misses you. The black bear bites you.
* * * LOW HITPOINT WARNING * * *
You block the black bear's attack. The black bear claws you.
* * * LOW HITPOINT WARNING * * *
Unknown command.
You slash the black bear!
The black bear is almost dead.
The black bear bites you!
You die...

######## #......# #####
#....).# #...# #......#
#...#
#......########...# ###
#.................# ...#
.......######..)..#.....
#.(.<..# #..#./......
#......# #..##@#......
....#..# #.###h# .....
###...... #.. #h# ....
........#.# #h# ...
......#..$. ... ## ...
....... ... .... .##....
....# ....# ......


You could see a black bear (berserk) and 2 jackals.

Vanquished Creatures
  A hound (D:3)
  Terence (D:2)
  4 adders
  An adder skeleton (D:3)
  A worm (D:2)
  3 dart slugs (D:1)
  An orc (D:3)
  5 bats
  6 endoplasms
  4 giant cockroaches
  7 goblins
  11 hobgoblins
  10 jackals
  5 kobolds
  4 quokkas
  5 ball pythons
  5 frilled lizards
  9 rats
83 creatures vanquished.

Notes
Turn   | Place    | Note
-------+----------+-------------------------------------------
     0 | D:1      | siradein the Hill Orc Fighter began the quest for the Orb.
     0 | D:1      | Reached XP level 1. HP: 19/19 MP: 1/1
    13 | D:1      | Reached skill level 3 in Axes
   112 | D:1      | Reached XP level 2. HP: 26/26 MP: 2/2
   129 | D:1      | Reached skill level 4 in Axes
   460 | D:1      | Reached XP level 3. HP: 30/31 MP: 3/3
   616 | D:1      | Reached skill level 5 in Axes
   809 | D:1      | Found a faded altar of an unknown god.
  1262 | D:2      | Reached XP level 4. HP: 39/39 MP: 4/4
  1563 | D:2      | Noticed Terence
  1571 | D:2      | Killed Terence
  1572 | D:2      | Reached skill level 6 in Axes
  1967 | D:3      | Reached XP level 5. HP: 45/45 MP: 5/5
  2054 | D:3      | Reached skill level 7 in Axes
  2774 | D:4      | Noticed a black bear
  2789 | D:4      | HP: 2/45 [black bear (3)]
  2790 | D:4      | Slain by a black bear

Illustrated notes

Levels and vault maps discovered:
D:1:      saegor_arrival_miasma, layout_rooms,
          shapermc_ecumenical_altar_hornbeckon
D:2:      layout_loops_ring, palyth_stone_intersect, uniq_terence
D:3:      layout_loops_ring, nrook_loot_triangle, hangedman_feature_mirror
D:4:      minmay_inner_zag, layout_rooms, nicolae_dithmenos_the_darkroom

Skill      XL: |  1  2  3  4  5 |
---------------+----------------+-----
Axes           | 3 4 5 6 7 |  7.6
Fighting       | |  3.6
Armour         | |  3.2
Shields        | |  3.2

Action                   |  1- 3 |  4- 6 || total
-------------------------+-------+-------++-------
Melee: War axe           |   100 |   125 ||   225
Armor: Scale mail        |    36 |    19 ||    55
       Chain mail        |       |    63 ||    63
Dodge: Dodged            |    33 |    42 ||    75
Block: Kite shield       |    50 |    67 ||   117

Table legend: (Time is in decaauts)
 A = Elapsed time spent in this place.
 B = Non-inter-level travel time spent in this place.
 C = Inter-level travel time spent in this place.
 D = Time resting spent in this place.
 E = Time spent auto-exploring this place.
 F = Levels seen in this place.
 G = Mean time per level.
                   A        B        C        D        E       F      G
               +--------+--------+--------+--------+--------+-----+--------+
         Total |   2901 |   2851 |     50 |      8 |   2243 |   4 |  725.2 |
       Dungeon |   2901 |   2851 |     50 |      8 |   2243 |   4 |  725.2 |
               +--------+--------+--------+--------+--------+-----+--------+

Top non-repeatable levels by time:
     D:2: 1052 daAuts
     D:1: 994 daAuts
     D:3: 768 daAuts
     D:4: 85 daAuts
